 Dungeon Crawl Stone Soup version 0.18-a0-1773-gec4f98e (webtiles) character file.

188 Zhenya25pyc the Covered (level 5, 0/33 HPs)
             Began as a Gargoyle Fighter on Apr 14, 2016.
             Slain by a gnoll
             ... wielding a +2 halberd of protection
              (6 damage)
             ... on level 3 of the Dungeon.
             The game lasted 00:19:22 (2272 turns).

Zhenya25pyc the Covered (Gargoyle Fighter)          Turns: 2272, Time: 00:19:23

Health: 0/33       AC: 11    Str: 20    XL:     5   Next: 67%
Magic:  5/5        EV:  7    Int:  9    God:
Gold:   206        SH:  9    Dex:  9    Spells: 0 memorised, 4 levels left

rFire  . . .     SeeInvis .     a - +0 flail
rCold  . . .     Gourm    .     b - +0 scale mail
rNeg   + . .     Faith    .     c - +0 shield
rPois  ∞         Spirit   .     (no helmet)
rElec  +         Dismiss  .     (no cloak)
rCorr  .         Reflect  .     (no gloves)
SustAt .         Harm     .     (no boots)
MR     .....                    (no amulet)
Stlth  ..........               (no ring)
                                (no ring)

@: not resistant to hostile enchantments, extremely unstealthy
A: negative energy resistance 1, electricity resistance, unbreathing,
petrification resistance, rot immunity, AC +4
a: no special abilities


You were on level 3 of the Dungeon.
You were not hungry.

You visited 1 branch of the dungeon, and saw 3 of its levels.

You collected 206 gold pieces.

Inventory:

Hand Weapons
 a - a +0 flail (weapon)
Armour
 b - a +0 scale mail (worn)
 c - a +0 shield (worn)
Jewellery
 l - an uncursed ring of flight {unknown}
 t - a cursed -3 ring of intelligence {unknown}
Scrolls
 e - 2 scrolls of teleportation {unknown}
 g - 2 scrolls of recharging {unknown}
 m - 3 scrolls of immolation {unknown}
 n - a scroll of fog {unknown}
 o - 4 scrolls of identify {unknown}
 p - a scroll of enchant weapon {unknown}
 q - a scroll of fear {unknown}
 r - 2 scrolls of amnesia {unknown}
Potions
 d - 2 potions of might
 i - 2 potions of curing {unknown}
 j - a potion of lignification {unknown}
 v - a potion of heal wounds {unknown}
Comestibles
 f - 2 bread rations
 h - 2 beef jerkies
 k - 3 meat rations
 s - a fruit
 u - a slice of pizza


   Skills:
 + Level 4.1 Fighting
 * Level 4.3 Maces & Flails
 + Level 4.4 Armour
 - Level 3.2 Shields


You had 4 spell levels left.
You didn't know any spells.

Dungeon Overview and Level Annotations

Branches:
Dungeon (3/15)

Altars:
Pakellas


Innate Abilities, Weirdness & Mutations

You are resistant to torment.
Your stone body is resilient (AC +4).
You are immune to poison.
You resist negative energy.
You are resistant to electric shocks.
You can survive without breathing.
You are immune to petrification.
You are immune to rotting.


Message History

You hit the gnoll.
The gnoll is severely wounded.
The gnoll hits you from afar with a halberd of protection.
The gnoll barely misses you.
A gnoll comes into view. It is wielding a flail.
You hit the gnoll but do no damage.
The gnoll is severely wounded.
The gnoll closely misses you. The gnoll hits you. The gnoll barely misses you.
The gnoll hits you from afar with a halberd of protection!
You closely miss the gnoll.
The gnoll is severely wounded.
The gnoll barely misses you.
The gnoll hits you from afar with a halberd of protection.
You thump the gnoll!
You kill the gnoll!
The gnoll hits you from afar with a halberd of protection.
* * * LOW HITPOINT WARNING * * *
You are too injured to fight recklessly!
The gnoll hits you with a halberd of protection.
You die...

#.....[...#
#(..##....#
#.####....#
#.#########
#...# ###.#
#.#
#.#######
#....@g.#
#######g#
.# gg ###


You could see 2 gnolls.

Vanquished Creatures
  2 orc wizards (D:3)
  Ijyb (D:2)
  A gnoll (D:3)
  5 adders
  2 worms (D:2)
  3 orcs (D:3)
  4 bats
  3 giant cockroaches
  8 goblins
  6 hobgoblins
  3 jackals (D:1)
  10 kobolds
  A quokka (D:3)
  2 ball pythons
  A giant newt (D:1)
  5 rats
57 creatures vanquished.

Notes
Turn   | Place    | Note
--------------------------------------------------------------
     0 | D:1      | Zhenya25pyc the Gargoyle Fighter began the quest for the Orb.
     0 | D:1      | Reached XP level 1. HP: 14/14 MP: 1/1
   233 | D:1      | Reached XP level 2. HP: 19/19 MP: 2/2
   435 | D:1      | Reached XP level 3. HP: 14/23 MP: 3/3
  1020 | D:2      | Noticed Ijyb
  1039 | D:2      | Killed Ijyb
  1057 | D:2      | Reached XP level 4. HP: 21/29 MP: 4/4
  1599 | D:2      | Found an oddly glowing altar of Pakellas.
  2151 | D:3      | Reached XP level 5. HP: 26/33 MP: 5/5
  2272 | D:3      | Slain by a gnoll

Vault maps used:
D:1:      shiori_arrival_oz
D:2:      minmay_misc_feat_cross, grunt_pakellas_basics, uniq_iyjb

Skill      XL: |  1  2  3  4  5 |
---------------+----------------+-----
Maces & Flails | 3 4 |  4.3
Armour         | 4 |  4.4
Fighting       | 4 |  4.1
Shields        | |  3.2

Action                   |  1- 3 |  4- 6 || total
-------------------------+-------+-------++-------
Melee: Flail             |    86 |   165 ||   251
  Eat: Chunk             |     1 |     4 ||     5
Armor: Scale mail        |    89 |    77 ||   166
Dodge: Dodged            |    52 |    45 ||    97
Block: Shield            |    63 |    64 ||   127
